 Dungeon Crawl Stone Soup version 0.29-a0-334-gb41bcbb86e (webtiles) character file.

Game seed: 7240950929968554789

299 spaghetti the Caller (level 5, -2/38 HPs)
             Began as a Demigod Summoner on Apr 13, 2022.
             Killed from afar by an orc wizard (6 damage)
             ... with a magic dart
             ... on level 3 of the Dungeon.
             The game lasted 00:07:27 (4359 turns).

spaghetti the Caller (Demigod Summoner)             Turns: 4359, Time: 00:07:28

Health: -2/38      AC:  5    Str:  9    XL:     5   Next: 89%
Magic:  4/12       EV: 13    Int: 17    God:
Gold:   145        SH:  0    Dex: 18    Spells: 0/9 levels left

rFire   . . .      SeeInvis .   k - +0 short sword (venom) {short}
rCold   . . .      Faith    .   (no shield)
rNeg    . . .      Spirit   .   a - +0 robe
rPois   .          Reflect  .   (no helmet)
rElec   .          Harm     .   q - +0 cloak
rCorr   .          Rampage  .   i - +1 pair of gloves
Will    .....                   (no boots)
Stlth   ++........              (no amulet)
HPRegen 0.12/turn               (no ring)
MPRegen 0.13/turn               (no ring)

@: no status effects
A: high MP 1, forlorn, divine attributes
a: no special abilities


You were on level 3 of the Dungeon.
You visited 1 branch of the dungeon, and saw 3 of its levels.

You collected 145 gold pieces.


Innate Abilities, Weirdness & Mutations

You have an increased reservoir of magic. (+10% MP)
You shall have no god before yourself.
Your divine heritage dramatically boosts your attributes as you level up.


   Skills:
 + Level 3.3 Dodging
 - Level 1.7 Stealth
 + Level 2.9 Spellcasting
 + Level 5.4 Summonings
 + Level 0.4 Air Magic


You couldn't memorise any spells.
You knew the following spells:

 Your Spells              Type           Power      Damage    Failure   Level
a - Summon Small Mammal   Summ           84%        N/A       1%          1
b - Call Imp              Summ           21%        N/A       2%          2
c - Call Canine Familiar  Summ           21%        N/A       5%          3
d - Summon Guardian Gole  Hex/Summ       11%        N/A       17%         3

Your spell library contained the following spells:

 Spells                   Type           Power      Damage    Failure   Level
 Static Discharge         Conj/Air       3%         N/A       24%         2
 Summon Lightning Spire   Summ/Air       12%        N/A       45%         4
 Frozen Ramparts          Ice            4%         1d2       47%         3
 Summon Ice Beast         Ice/Summ       11%        N/A       50%         4
 Ice Form                 Ice/Tmut       2%         N/A       87%         4
 Lightning Bolt           Conj/Air       1%         1d12      99%         5
 Maxwell's Capacitive Co  Air            1%         ∞         100%        8

Inventory:

Hand Weapons
 d - a +0 short sword {short}
   (You took it off a kobold on level 1 of the Dungeon)
 k - a +0 short sword of venom (weapon) {short}
   (You took it off a kobold on level 1 of the Dungeon)
Missiles
 c - 217 stones {throwing}
 e - 4 curare-tipped darts {=fthrowing}
 m - 3 poisoned darts {throwing}
Armour
 a - a +0 robe (worn)
 i - a +1 pair of gloves (worn)
   (You found it on level 1 of the Dungeon)
 q - a +0 cloak (worn)
   (You found it on level 2 of the Dungeon)
Wands
 f - a wand of digging (6)
   (You took it off Robin on level 3 of the Dungeon)
Scrolls
 h - a scroll of blinking {!r}
 j - a scroll of amnesia {unknown}
 l - 2 scrolls of teleportation {unknown}
 o - a scroll of identify {unknown}
 p - a scroll of acquirement {unknown}
 r - a scroll of enchant weapon {unknown}
Potions
 b - a potion of magic
 g - 2 potions of curing {@q1}
 n - a potion of flight {unknown}
 s - 2 potions of degeneration {unknown}
 t - a potion of heal wounds {unknown}
 u - a potion of invisibility {unknown}

Dungeon Overview and Level Annotations

Branches:
Dungeon (3/15)

Shops:
D:2

? ### #.# ####
#.####### ...#
#.......# ...#
##.#####.# ...#
###...####h##
...####...###...@{#
##.##...### ###oo##
#.#...## #..#
##.##...### #..#
...####...### #..#
...# ###...# >..#
#### ...####...###
...# ########.[#
..[##...### ...5#
≈≈..≈≈≈≈#.#
...#...##
#########.#


You could see an orc priest (very poisoned, ally target), an orc, a friendly
hound (summoned) and a friendly crimson imp (summoned).


Message History

The orc priest barely misses your quokka.
Something misses your quokka.
The orc priest hits you with a +0 morningstar.
* * * LOW HITPOINT WARNING * * *
Your hound bites the orc priest.
Your crimson imp barely misses the orc priest. 😨 HP[-4] MP[-1]
You take 4 damage, and now have 12/38 hp.
You lost 1 mp, and now have 5/12 mp.
Unknown command.
You hit the orc priest.
You kill the orc priest!
The orc priest hits your quokka with a +0 mace.
Something closely misses your quokka.
Your quokka bites the orc priest. 😨 MP[+1]
What are your orders? t - Shout!
Orders for allies: a - Attack new target. r - Retreat! s - Stop attacking. g - Guard the area. f - Follow me.
Anything else - Cancel.
Gang up on whom?
Press: ? - help, Dir - move target, f - orc priest
Aim: an orc priest, wielding a +0 mace and wearing a +0 leather armour (lightly wounded, ally target) Attack!
The orc priest misses your quokka.
You hear some strange, mumbled words.
Your hound appears confused.
Your hound closely misses something.
Your quokka bites the orc priest.
Unknown command.
This spell is quite dangerous to cast!
Memorise Summon Guardian Golem, consuming 3 spell levels and leaving 0?
Your hound closely misses your crimson imp.
Something hits your quokka.
The orc jeers repeatedly.
The orc priest closely misses your quokka.
Your quokka closely misses something.
Your crimson imp blinks!
Your hound bites something.
You start memorising the spell.
You continue memorising.
Your quokka barely misses something.
A puff of flame appears from out of thin air!
The puff of flame hits your hound!
Your hound dies!
Your hound's corpse disappears in a puff of smoke!
The orc priest closely misses your quokka.
You continue memorising.
Your quokka bites the orc priest.
The orc priest hits your quokka with a +0 mace.
Your quokka dies!
Your quokka's corpse disappears in a puff of smoke!
Your quokka barely misses the orc priest.
You continue memorising.
The orc priest hits your quokka with a +0 mace!
Your quokka dies!
Your quokka's corpse disappears in a puff of smoke!
Your crimson imp blinks!
You finish memorising.
Spell assigned to 'd'. 😨 HP[+1]
Casting: Summon Small Mammal (safe; 1% risk of failure)
Confirm with . or Enter, or press ? or * to list all spells.
The orc priest calls down the wrath of Beogh upon you.
Beogh smites you!
* * * LOW HITPOINT WARNING * * *
😱 HP[-9] MP[-3]
You take 9 damage, and now have 4/38 hp.
MASSIVE DAMAGE!! (PAUSE)
You lost 3 mp, and now have 3/12 mp.
You feel better.
Something hits you but does no damage. 😨 HP[+8]
You regained 8 hp, and now have 12/38 hp.
Unknown command.
You feel better. The orc barely misses you.
Something hits you but does no damage.
Your hound bites something. 😮 HP[+8] MP[+1]
You regained 8 hp, and now have 20/38 hp.
Unknown command.
Unknown command.
You hit the orc priest.
The orc priest is poisoned.
You hear some strange, mumbled words.
A magic dart appears from out of thin air!
The magic dart hits you.
* * * LOW HITPOINT WARNING * * *
The orc priest hits you with a +0 mace.
* * * LOW HITPOINT WARNING * * *
The orc hits you with a +0 mace.
* * * LOW HITPOINT WARNING * * *
Your hound bites something. 😱 HP[-15]
You take 15 damage, and now have 5/38 hp.
MASSIVE DAMAGE!! (PAUSE)
You feel better.
Your hound bites something but does no damage.
The orc priest hits you with a +0 mace.
* * * LOW HITPOINT WARNING * * *
The orc hits you with a +0 mace.
* * * LOW HITPOINT WARNING * * *
You hear some strange, mumbled words.
A magic dart appears from out of thin air!
The magic dart hits you.
You die...

Skill      XL: |  1  2  3  4 |
---------------+-------------+-----
Summonings     | 4 5 |  5.4
Dodging        | 2 3 |  3.3
Spellcasting   | 2 |  2.9
Stealth        | |  1.7
Air Magic      | |  0.4

Action                   |  1- 3 |  4- 6 || total
-------------------------+-------+-------++-------
Melee: Unarmed           |    14 |       ||    14
       Short sword       |   126 |    69 ||   195
       Punch             |     2 |     1 ||     3
 Cast: Summon Small Mamm |    42 |     6 ||    48
       Call Imp          |     3 |     4 ||     7
       Call Canine Famil |     2 |     5 ||     7
  Use: Potion            |     2 |     7 ||     9
       Scroll            |       |     3 ||     3
 Stab: Sleeping          |     5 |     2 ||     7
Armor: Robe              |    61 |    29 ||    90
       Skin              |       |     5 ||     5
Dodge: Dodged            |   124 |    61 ||   185

Levels and vault maps discovered:
D:1:      dpeg_arrival_rooms_a, layout_loops_ring,
          ebering_ecumenical_altar_mist, serial_bayou, serial_bayou_pond_d,
          serial_bayou_crossing, serial_bayou_pond_e
D:2:      layout_rooms, serial_shops, shop, serial_park_tiny_1,
          chequers_serial_rivers_room_a, nrook_loot_triangle,
          lemuel_old_faithful
D:3:      layout_basic, serial_curves, eino_curves_02, eino_curves_04,
          eino_curves_03, eino_curves_04, gup_sewer_entry_spiral, uniq_terence,
          uniq_robin

Notes
Turn   | Place    | Note
-------+----------+-------------------------------------------
     0 | D:1      | spaghetti the Demigod Summoner began the quest for the Orb.
     0 | D:1      | Reached XP level 1. HP: 14/14 MP: 5/5
     0 | D:1      | magus.rc [v1.9.6]
   278 | D:1      | HP: 3/14 [hobgoblin (5)]
   611 | D:1      | Reached skill level 4 in Summonings
   625 | D:1      | Reached XP level 2. HP: 14/20 MP: 2/7
  1889 | D:1      | Reached XP level 3. HP: 8/26 MP: 5/8
  1889 | D:1      | HP: 6/26 [endoplasm (2)]
  2139 | D:1      | Reached skill level 2 in Dodging
  2348 | D:2      | You pick up a book of Rime and begin reading...
  2348 | D:2      | You add the spells Frozen Ramparts, Ice Form and Summon Ice
                  | Beast to your library.
  2668 | D:2      | Found Sanian's Magic Scroll Shoppe.
  2784 | D:2      | Learned a level 2 spell: Call Imp
  2838 | D:2      | Reached skill level 2 in Spellcasting
  3093 | D:3      | Learned a level 3 spell: Call Canine Familiar
  3410 | D:3      | Reached XP level 4. HP: 33/33 MP: 1/9
  3502 | D:3      | Noticed a water moccasin
  3503 | D:3      | Noticed Robin
  3533 | D:3      | Killed a water moccasin
  3534 | D:3      | Reached skill level 3 in Dodging
  3534 | D:3      | Reached skill level 5 in Summonings
  3534 | D:3      | Reached XP level 5. HP: 26/38 MP: 1/11
  3538 | D:3      | HP: 14/57 [hobgoblin (3)]
  3544 | D:3      | HP: 6/57 [goblin/+0 club[Robin] (3)]
  3545 | D:3      | HP: 2/38 [Robin/goblin (2)]
  3550 | D:3      | Killed Robin
  3962 | D:3      | Noticed Terence
  3977 | D:3      | Killed Terence
  4057 | D:3      | You pick up a book of Lightning and begin reading...
  4057 | D:3      | You add the spells Static Discharge, Lightning Bolt and
                  | Maxwell's Capacitive Coupling to your library.
  4355 | D:3      | Learned a level 3 spell: Summon Guardian Golem
  4355 | D:3      | HP: 4/38 [orc priest/divine providence (9)]
  4359 | D:3      | Killed from afar by an orc wizard

Vanquished Creatures
  A water moccasin (D:3)
  An orc priest (D:3)
  Terence (D:3)
  2 adders
  2 worms
  A dart slug (D:2)
  2 orcs (D:3)
  4 endoplasms
  5 giant cockroaches
  8 goblins (D:3)
  5 hobgoblins
  5 jackals (D:1)
  3 quokkas
  4 ball pythons
  3 bats
  6 frilled lizards
  3 kobolds
  5 rats
61 creatures vanquished.

Vanquished Creatures (collateral kills)
  Robin (D:3)
  2 dart slugs (D:3)
  3 orcs (D:3)
  An endoplasm (D:1)
  7 goblins
  3 hobgoblins
  3 jackals (D:1)
  3 ball pythons (D:1)
  2 kobolds (D:1)
  A rat (D:1)
26 creatures vanquished.

Vanquished Creatures (others)
  A hobgoblin (D:2)
  6 plants (D:1)
7 creatures vanquished.

Grand Total: 94 creatures vanquished

Table legend:
 A = Non-vault XP
 B = Vault XP
 C = Vault XP percentage of total XP
 D = Non-vault monster count
 E = Vault monster count
 F = Vault count percentage of total count
                 A         B        C        D         E       F
            +---------+---------+-------+---------+---------+-------
      Total |     359 |      69 |  16.1 |      73 |      14 |  16.1
            +---------+---------+-------+---------+---------+-------
        D:1 |      71 |       0 |   0.0 |      35 |       0 |   0.0
        D:2 |      33 |       0 |   0.0 |      17 |       0 |   0.0
        D:3 |     255 |      69 |  21.3 |      21 |      14 |  40.0
            +---------+---------+-------+---------+---------+-------

Illustrated notes

Table legend:
 A = Kills in this place as a percentage of kills in entire the game.
 B = Kills by you in this place as a percentage of kills by you in the entire game.
 C = Kills by friends in this place as a percentage of kills by friends in the entire game.
 D = Other kills in this place as a percentage of other kills in the entire game.
 E = Experience gained in this place as a percentage of experience gained in the entire game.
 F = Experience gained in this place divided by the number of levels of this place that you have seen.
                   A       B       C       D       E      F
               +-------+-------+-------+-------+-------+----------------------
         Total | 100.0 | 100.0 | 100.0 |   N/A | 100.0 | 142.7
       Dungeon | 100.0 | 100.0 | 100.0 |   N/A | 100.0 | 142.7
               +-------+-------+-------+-------+-------+----------------------

Table legend: (Time is in decaauts)
 A = Elapsed time spent in this place.
 B = Non-inter-level travel time spent in this place.
 C = Inter-level travel time spent in this place.
 D = Time resting spent in this place.
 E = Time spent auto-exploring this place.
 F = Levels seen in this place.
 G = Mean time per level.
                   A        B        C        D        E       F      G
               +--------+--------+--------+--------+--------+-----+--------+
         Total |   4393 |   4351 |     42 |    985 |   2671 |   3 | 1464.3 |
       Dungeon |   4393 |   4351 |     42 |    985 |   2671 |   3 | 1464.3 |
               +--------+--------+--------+--------+--------+-----+--------+

Top non-repeatable levels by time:
     D:1: 2323 daAuts
     D:3: 1355 daAuts
     D:2: 714 daAuts
